 Dungeon Crawl Stone Soup version 0.29-a0-275-g389c0b56f3 (webtiles) character file.

Game seed: 12521805559189168815

1126 spiderkeys the Charlatan (level 8, -1/40 HPs)
             Began as a Spriggan Abyssal Knight on Mar 12, 2022.
             Was an Elder of Lugonu.
             Succumbed to a water moccasin's poison
             ... on level 5 of the Dungeon.
             The game lasted 00:12:33 (6750 turns).

spiderkeys the Charlatan (Spriggan Abyssal Knight)  Turns: 6750, Time: 00:12:34

Health: -1/40      AC:  2    Str:  9    XL:     8   Next: 13%
Magic:  15/15      EV: 20    Int: 14    God:    Lugonu [****..]
Gold:   254        SH:  0    Dex: 15    Spells: 14/15 levels left

rFire   . . .      SeeInvis +   a - +1 short sword
rCold   . . .      Faith    .   (no shield)
rNeg    . . .      Spirit   .   b - +0 robe
rPois   .          Reflect  .   (helmet restricted)
rElec   .          Harm     .   (no cloak)
rCorr   .          Rampage  .   (gloves unavailable)
Will    +....                   (boots unavailable)
Stlth   ++........              (no amulet)
HPRegen 0.13/turn               (no ring)
MPRegen 0.14/turn               (no ring)

@: lethally poisoned (-1 -> -8), very quick
A: very small, no large weapons, unfitting armour, see invisible, speed 3
a: Renounce Religion, Depart the Abyss, Bend Space, Banish, Corrupt


You were on level 5 of the Dungeon.
You worshipped Lugonu.
Lugonu was greatly pleased with you.
You visited 1 branch of the dungeon, and saw 6 of its levels.
You visited the Abyss 1 time.

You collected 254 gold pieces.


Innate Abilities, Weirdness & Mutations

You are very small and have problems with some larger weapons.
You are too small for most types of armour.
You have supernaturally acute eyesight. (SInv)
You cover ground extremely quickly. (Speed+++)


   Skills:
 - Level 3.2 Fighting
 + Level 5.3 Short Blades
 + Level 6.5 Dodging
 - Level 3.5 Stealth
 - Level 4.0 Spellcasting
 - Level 1.8 Invocations
 * Level 6.6 Evocations


You had 14 spell levels left.
You knew the following spells:

 Your Spells              Type           Power      Damage    Failure   Level
s - Slow                  Hex            8%         N/A       19%         1

Your spell library contained the following spells:

 Spells                   Type           Power      Damage    Failure   Level
 Confusing Touch          Hex            2%         N/A       50%         3
 Gell's Gravitas          Tloc           2%         N/A       50%         3
 Lesser Beckoning         Tloc           2%         N/A       50%         3
 Teleport Other           Tloc           2%         N/A       50%         3
 Vampiric Draining        Necr           2%         2d6       50%         3

Inventory:

Hand Weapons
 a - a +1 short sword (weapon)
Missiles
 d - 103 stones
 j - a throwing net {=f!f}
Armour
 b - a +0 robe (worn)
 c - a +0 robe
   (You found it on level 5 of the Dungeon)
 f - a +0 robe
   (You took it off Jessica on level 2 of the Dungeon)
 i - a +0 robe
   (You found it on level 4 of the Dungeon)
 p - a +1 robe
   (You took it off Sigmund on level 5 of the Dungeon)
Jewellery
 I - a +6 ring of intelligence
   (You took it off a hobgoblin on level 4 of the Dungeon)
Wands
 h - a wand of iceblast (5)
   (You found it on level 4 of the Dungeon)
Scrolls
 k - a scroll of magic mapping {!r}
 l - 2 scrolls of immolation {!r!r}
 m - a scroll of teleportation {@r4}
Potions
 g - a potion of attraction {!q}

Dungeon Overview and Level Annotations

Branches:
Dungeon (6/15)
 Temple: D:4-7

Altars:
Gozag

Annotations:
D:5 2 transporters

#........# #..# # #......### #..#
# #.....## #..# #
#..[..###########..############
###.....^......)..#..##.........#
...(................##..........#
...(............................#
......................#..........
..>(..(........S@...###.......©..
......<..............##...#######
..................##.....##8YD_.$
.................##......#loo[$[)
........<................#o......
.......#######...####....#.......
######.#.......### ####.#©.l....
#...####### #.#....).. #####
#.#D...©..


You could see a water moccasin.


Message History

Aim: a water moccasin (40% to hit)
You throw a poisoned dart.
The poisoned dart closely misses the water moccasin.
You hit the water moccasin. The water moccasin barely misses you.
You hit the water moccasin. The water moccasin misses you.
You barely miss the water moccasin. The water moccasin misses you.
You hit the water moccasin. The water moccasin bites you. 😕 HP[-1]
You take 1 damage, and now have 39/40 hp.
You closely miss the water moccasin. The water moccasin closely misses you.
The water moccasin barely misses you.
You hit the water moccasin. The water moccasin closely misses you.
You barely miss the water moccasin. The water moccasin closely misses you.
You hit the water moccasin but do no damage.
The water moccasin completely misses you.
You closely miss the water moccasin. The water moccasin closely misses you.
You miss the water moccasin. The water moccasin closely misses you.
You hit the water moccasin.
The water moccasin completely misses you.
The water moccasin misses you. 😎 HP[+1]
Your hp is fully restored (40).
You closely miss the water moccasin. The water moccasin barely misses you.
You hit the water moccasin. The water moccasin bites you. 😕 HP[-6]
You take 6 damage, and now have 34/40 hp.
You completely miss the water moccasin. The water moccasin misses you.
You hit the water moccasin. The water moccasin misses you.
You puncture the water moccasin!
The water moccasin bites you but does no damage.
You hit the water moccasin but do no damage.
The water moccasin bites you.
You are poisoned.
The water moccasin poisons you! The water moccasin misses you. 😕 HP[-3]
You take 3 damage, and now have 31/40 hp.
You closely miss the water moccasin.
You feel very sick. The water moccasin misses you. 😮 HP[-3]
You take 3 damage, and now have 28/40 hp.
You hit the water moccasin but do no damage.
You feel sick.
The water moccasin barely misses you. 😮 HP[-2]
You take 2 damage, and now have 26/40 hp.
You hit the water moccasin but do no damage.
You feel sick. The water moccasin bites you.
* * * LOW HITPOINT WARNING * * *
You are lethally poisoned!
The water moccasin poisons you! 😨 HP[-6]
You take 6 damage, and now have 20/40 hp.
You hit the water moccasin.
* * * LOW HITPOINT WARNING * * *
You feel very sick.
The water moccasin closely misses you. 😨 HP[-5]
You take 5 damage, and now have 15/40 hp.
Unknown command.
* * * LOW HITPOINT WARNING * * *
You feel very sick. 😨 HP[-3]
You take 3 damage, and now have 12/40 hp.
The water moccasin attacks as you move away!
The water moccasin barely misses you.
* * * LOW HITPOINT WARNING * * *
You feel sick. 😱 HP[-2]
You take 2 damage, and now have 10/40 hp.
The water moccasin attacks as you move away!
The water moccasin completely misses you.
* * * LOW HITPOINT WARNING * * *
You feel sick. 😱 HP[-2]
You take 2 damage, and now have 8/40 hp.
* * * LOW HITPOINT WARNING * * *
You feel sick. 😱 HP[-2]
You take 2 damage, and now have 6/40 hp.
* * * LOW HITPOINT WARNING * * *
You feel sick. 😱 HP[-2]
You take 2 damage, and now have 4/40 hp.
The water moccasin attacks as you move away!
The water moccasin closely misses you.
* * * LOW HITPOINT WARNING * * *
You feel sick. 😱 HP[-1]
You take 1 damage, and now have 3/40 hp.
It was a potion of magic.
Magic courses through your body.
* * * LOW HITPOINT WARNING * * *
You feel sick. The water moccasin misses you. 😱 HP[-2]
You take 2 damage, and now have 1/40 hp.
Okay, then.
Okay, then.
You aren't in the Abyss!
You aren't in the Abyss!
You hit the water moccasin.
You die...

Skill      XL: |  1  2  3  4  5  6  7 |
---------------+----------------------+-----
Stealth        | 1 2 3 |  3.5
Spellcasting   | 1 2 3 4 |  4.0
Short Blades   | 3 4 5 |  5.3
Dodging        | 4 5 6 |  6.5
Fighting       | 3 |  3.2
Evocations     | 3 6 |  6.6
Invocations    | |  1.8

Action                   |  1- 3 |  4- 6 |  7- 9 || total
-------------------------+-------+-------+-------++-------
Melee: Short sword       |    98 |   203 |    64 ||   365
       Punch             |     3 |     3 |       ||     6
Throw: Dart              |     2 |    22 |     7 ||    31
       Stone             |       |    16 |     8 ||    24
Evoke: Wand              |       |     3 |     5 ||     8
  Use: Scroll            |     6 |     3 |       ||     9
       Potion            |       |     7 |     1 ||     8
 Stab: Sleeping          |     8 |     7 |     1 ||    16
Armor: Robe              |     7 |    17 |     3 ||    27
Dodge: Dodged            |    62 |   133 |    53 ||   248

Levels and vault maps discovered:
D:1:      shiori_arrival_oz, layout_basic,
          dreamdust_ecumenical_altar_drowned_temple
D:2:      layout_rooms, uniq_jessica, uniq_terence
D:3:      layout_loops_ring
D:4:      layout_rooms
D:5:      layout_rooms, gammafunk_temple_overflow_arena, nicolae_sextant,
          uniq_menkaure, uniq_sigmund
D:6:      layout_cave_pools, ebering_ghost_xom, minmay_misc_feat_columns,
          lightli_church_of_beogh

Notes
Turn   | Place    | Note
-------+----------+-------------------------------------------
     0 | Abyss:1  | spiderkeys the Spriggan Abyssal Knight began the quest for
                  | the Orb.
     0 | Abyss:1  | Reached XP level 1. HP: 11/11 MP: 3/3
     0 | Abyss:1  | magus.rc [v1.11.3]
    12 | D:1      | You pass through the gate.
    12 | D:1      | Escaped the Abyss
    84 | D:1      | Reached XP level 2. HP: 15/16 MP: 4/4
    86 | D:1      | Reached skill level 1 in Stealth
   106 | D:1      | Found a faded altar of an unknown god.
   113 | D:1      | Reached skill level 1 in Spellcasting
   597 | D:1      | Reached *** piety under Lugonu
  1056 | D:1      | You fall into a shaft and drop 1 floor!
  1061 | D:2      | Reached XP level 3. HP: 19/19 MP: 6/6
  1356 | D:2      | Noticed Terence
  1397 | D:2      | Noticed Jessica
  1399 | D:2      | You pick up a book of Displacement and begin reading...
  1399 | D:2      | You add the spells Lesser Beckoning, Gell's Gravitas and
                  | Teleport Other to your library.
  1401 | D:2      | HP: 1/19 [Jessica/nerve-wracking pain (10)]
  1775 | D:2      | Reached skill level 2 in Spellcasting
  1871 | D:2      | Reached skill level 2 in Stealth
  2016 | D:2      | Killed Jessica
  2017 | D:2      | Reached XP level 4. HP: 23/23 MP: 8/8
  2404 | D:2      | Killed Terence
  2997 | D:3      | Reached skill level 3 in Short Blades
  3086 | D:3      | Reached skill level 4 in Dodging
  3086 | D:3      | Reached skill level 3 in Spellcasting
  3086 | D:3      | Reached XP level 5. HP: 28/28 MP: 10/10
  3895 | D:4      | Reached skill level 3 in Fighting
  3895 | D:4      | Reached skill level 3 in Stealth
  3910 | D:4      | Reached **** piety under Lugonu
  4264 | D:5      | Entered Level 5 of the Dungeon
  4444 | D:5      | Found an opulent altar of Gozag.
  4445 | D:5      | Noticed a komodo dragon
  4445 | D:5      | Noticed an orc warrior
  4447 | D:5      | Noticed an acid dragon
  4469 | D:5      | Noticed a yak
  4470 | D:5      | Noticed a water moccasin
  4472 | D:5      | Found a transporter.
  4478 | D:5      | Noticed an ogre
  4479 | D:5      | Found a transporter.
  4749 | D:3      | HP: 5/28 [orc priest/+0 war axe (9)]
  4765 | D:3      | HP: 7/28 [orc priest/divine providence (9)]
  4775 | D:3      | HP: 7/28 [orc priest/+0 war axe (8)]
  4779 | D:3      | Reached skill level 4 in Spellcasting
  4779 | D:3      | Reached XP level 6. HP: 8/32 MP: 11/13
  5178 | D:4      | Reached skill level 1 in Evocations
  5205 | D:4      | Reached skill level 2 in Evocations
  5390 | D:4      | Reached skill level 4 in Short Blades
  5390 | D:4      | Reached skill level 5 in Dodging
  5390 | D:4      | Reached skill level 3 in Evocations
  5667 | D:5      | Reached XP level 7. HP: 36/36 MP: 14/14
  5688 | D:5      | Reached skill level 4 in Evocations
  5844 | D:5      | HP: 9/36 [scorpion (4)]
  5954 | D:6      | Reached skill level 5 in Evocations
  6082 | D:5      | Noticed Menkaure
  6091 | D:5      | Noticed Sigmund
  6093 | D:5      | Killed Sigmund
  6094 | D:5      | Reached skill level 5 in Short Blades
  6094 | D:5      | Reached skill level 6 in Dodging
  6097 | D:5      | Killed Menkaure
  6098 | D:5      | Reached skill level 6 in Evocations
  6098 | D:5      | Reached XP level 8. HP: 40/40 MP: 15/15
  6358 | D:5      | HP: 4/40 [acid (9)]
  6392 | D:5      | You pick up a book of Debilitation and begin reading...
  6392 | D:5      | You add the spells Slow, Vampiric Draining and Confusing
                  | Touch to your library.
  6395 | D:5      | Learned a level 1 spell: Slow
  6744 | D:5      | HP: 10/40 [poisoned by a water moccasin]
  6747 | D:5      | HP: 4/40 [poisoned by a water moccasin]
  6749 | D:5      | HP: 1/40 [poisoned by a water moccasin]
  6750 | D:5      | Succumbed to a water moccasin's poison

Vanquished Creatures
  Sigmund (D:5)
  Menkaure (D:5)
  An ogre (D:5)
  A phantom (D:4)
  4 scorpions
  An orc priest (D:3)
  4 hounds
  3 jellies
  2 iguanas
  Jessica (D:2)
  Terence (D:2)
  An orc wizard (D:3)
  3 adders
  An ufetubus (D:5)
  A worm (D:2)
  A dart slug (D:1)
  3 orcs
  3 ball pythons
  10 endoplasms
  5 giant cockroaches
  8 hobgoblins
  3 quokkas
  3 bats
  3 frilled lizards
  5 goblins
  11 kobolds
  6 rats
  A spectral goblin (D:1)
88 creatures vanquished.

Vanquished Creatures (others)
  A hobgoblin (D:4)
1 creature vanquished.

Grand Total: 89 creatures vanquished

Table legend:
 A = Non-vault XP
 B = Vault XP
 C = Vault XP percentage of total XP
 D = Non-vault monster count
 E = Vault monster count
 F = Vault count percentage of total count
                 A         B        C        D         E       F
            +---------+---------+-------+---------+---------+-------
      Total |    1140 |     469 |  29.1 |      82 |       7 |   7.9
            +---------+---------+-------+---------+---------+-------
        D:1 |      33 |       4 |  10.8 |      21 |       3 |  12.5
        D:2 |      37 |      73 |  66.4 |      15 |       2 |  11.8
        D:3 |     155 |       0 |   0.0 |      19 |       0 |   0.0
        D:4 |     365 |       0 |   0.0 |      16 |       0 |   0.0
        D:5 |     508 |     392 |  43.6 |      10 |       2 |  16.7
        D:6 |      42 |       0 |   0.0 |       1 |       0 |   0.0
            +---------+---------+-------+---------+---------+-------

Illustrated notes

Table legend:
 A = Kills in this place as a percentage of kills in entire the game.
 B = Kills by you in this place as a percentage of kills by you in the entire game.
 C = Kills by friends in this place as a percentage of kills by friends in the entire game.
 D = Other kills in this place as a percentage of other kills in the entire game.
 E = Experience gained in this place as a percentage of experience gained in the entire game.
 F = Experience gained in this place divided by the number of levels of this place that you have seen.
                   A       B       C       D       E      F
               +-------+-------+-------+-------+-------+----------------------
         Total | 100.0 | 100.0 |   N/A | 100.0 | 100.0 | 229.9
       Dungeon | 100.0 | 100.0 |   N/A | 100.0 | 100.0 | 268.2
               +-------+-------+-------+-------+-------+----------------------

Table legend: (Time is in decaauts)
 A = Elapsed time spent in this place.
 B = Non-inter-level travel time spent in this place.
 C = Inter-level travel time spent in this place.
 D = Time resting spent in this place.
 E = Time spent auto-exploring this place.
 F = Levels seen in this place.
 G = Mean time per level.
                   A        B        C        D        E       F      G
               +--------+--------+--------+--------+--------+-----+--------+
         Total |   5375 |   5141 |    234 |   1231 |   2804 |   7 |  767.9 |
       Dungeon |   5368 |   5134 |    234 |   1231 |   2801 |   6 |  894.7 |
         Abyss |      7 |      7 |      0 |      0 |      3 |   1 |    7.0 |
               +--------+--------+--------+--------+--------+-----+--------+

Top non-repeatable levels by time:
     D:3: 1495 daAuts
     D:5: 1215 daAuts
     D:1: 1108 daAuts
     D:2: 786 daAuts
     D:4: 759 daAuts
 Abyss:1: 7 daAuts
     D:6: 2 daAuts
